 Dungeon Crawl Stone Soup version 0.29.1-1-gd02db6906a (webtiles) character file.

Game seed: 8924158126730883321

8703 xian the Cleaver (level 11, -8/100 HPs)
             Began as a Troll Wanderer on Oct 4, 2022.
             Was an Elder of Okawaru.
             Mangled by an orc warlord
             ... wielding a +4 broad axe
              (24 damage)
             ... in a bailey.
             The game lasted 00:24:51 (8377 turns).

xian the Cleaver (Troll Wanderer)                   Turns: 8377, Time: 00:24:52

Health: -8/100     AC: 13    Str: 28    XL:     11   Next: 13%
Magic:  10/12      EV: 11    Int: 10    God:    Okawaru [****..]
Gold:   710        SH: 15    Dex: 10    Spells: 9/13 levels left

rFire   + . .      SeeInvis .   a - +2 war axe (venom)
rCold   + . .      Faith    .   D - +0 kite shield
rNeg    . . .      Spirit   .   I - +0 acid dragon scales
rPois   +          Reflect  +   b - +1 hat
rElec   .          Harm     .   G - +1 cloak
rCorr   +          Rampage  .   (gloves unavailable)
Will    .....                   (boots unavailable)
Stlth   +++.......              s - amulet of reflection
HPRegen 1.06/turn               n - ring of Ru's Favour {rPois rF+ rC+ Str+5}
MPRegen 0.13/turn               j - +4 ring of slaying

@: mighty, heroic
A: large, unfitting armour, claws 3, regeneration 1, shaggy fur 1, tough skin 1
a: Renounce Religion, Heroism, Finesse


You were in a bailey.
You worshipped Okawaru.
Okawaru was greatly pleased with you.
You visited 1 branch of the dungeon, and saw 9 of its levels.
You also visited: Ossuary and Bailey.

You collected 710 gold pieces.

Inventory:

Hand Weapons
 a - a +2 war axe of venom (weapon)
Missiles
 v - 25 poisoned darts (quivered)
 F - 6 boomerangs
 K - a curare-tipped dart
 M - a throwing net
Armour
 b - a +1 hat (worn)
 D - a +0 kite shield (worn)
 G - a +1 cloak (worn)
 I - +0 acid dragon scales (worn)
 J - a scarf of repulsion
Jewellery
 j - a +4 ring of slaying (right claw)
 n - the ring of Ru's Favour (left claw) {rPois rF+ rC+ Str+5}
   (You found it on level 2 of the Dungeon)

   [ring of protection from cold]

   Str:       It affects your strength (+5).
   rF:        It protects you from fire.
   rC:        It protects you from cold.
   rPois:     It protects you from poison.
 s - an amulet of reflection (around neck)
 w - an amulet of regeneration
Wands
 d - a wand of polymorph (8)
 l - a wand of acid (13)
 H - a wand of flame (10)
 L - a wand of mindburst (2)
Scrolls
 f - 5 scrolls of teleportation
 k - 3 scrolls of summoning
 p - 5 scrolls of fog
 q - a scroll of blinking
 r - 2 scrolls of enchant armour
 t - 2 scrolls of fear
 y - a scroll of torment
 C - 2 scrolls of enchant weapon
 E - a scroll of immolation
Potions
 c - a potion of invisibility
 g - 2 potions of haste
 h - 2 potions of might
 i - 4 potions of lignification
 m - 4 potions of ambrosia {unknown}
 o - a potion of berserk rage
 u - 4 potions of curing
 x - 4 potions of magic
 z - a potion of resistance
 A - 2 potions of heal wounds
 B - 2 potions of flight
Miscellaneous
 e - a lightning rod (4/4)


   Skills:
 + Level 4.0(9.0) Fighting
 * Level 11.5(16.5) Axes
 + Level 2.6(7.6) Throwing
 + Level 2.3(7.3) Armour
 + Level 4.1(9.1) Dodging
 + Level 1.8(6.8) Stealth
 + Level 4.2(9.2) Shields
 + Level 0.5(5.5) Unarmed Combat
 + Level 1.9 Spellcasting
 + Level 1.8 Summonings
 + Level 1.0 Invocations
 + Level 1.7 Evocations


You had 9 spell levels left.
You knew the following spells:

 Your Spells              Type           Power      Damage    Failure   Level
a - Summon Small Mammal   Summ           16%        N/A       34%         1
b - Summon Guardian Gole  Hex/Summ       2%         N/A       83%         3

Your spell library contained the following spells:

 Spells                   Type           Power      Damage    Failure   Level
 Static Discharge         Conj/Air       0%         3-3/arc   73%         2
 Gell's Gravitas          Tloc           0%         N/A       91%         3
 Ignite Poison            Fire/Tmut/Pois 0%         N/A       91%         3
 Lesser Beckoning         Tloc           0%         N/A       91%         3
 Mephitic Cloud           Conj/Pois/Air  0%         N/A       91%         3
 Teleport Other           Tloc           0%         N/A       91%         3
 Corpse Rot               Necr/Pois/Air  0%         N/A       100%        4
 Dispel Undead            Necr           0%         3d6       100%        4
 Flame Wave               Conj/Fire      0%         2d4       100%        4
 Hailstorm                Conj/Ice       0%         3d3       100%        4
 Ice Form                 Ice/Tmut       0%         N/A       100%        4
 Sticky Flame             Conj/Fire      0%         2d3       100%        4
 Freezing Cloud           Conj/Ice/Air   0%         6-21      100%        5
 Simulacrum               Ice/Necr       Unusable   N/A       N/A         6

Dungeon Overview and Level Annotations

Branches:
Dungeon (9/15)             Temple (0/1) D:6             Orc (0/2) D:9
Ossuary (visited)          Bailey (1/1)
   Lair: D:8-11

Altars:
Cheibriados
Okawaru
Sif Muna
Uskayaw

Shops:
D:9 :


Innate Abilities, Weirdness & Mutations

You are too large for most types of armour.
You have claws for hands.
Your natural rate of healing is unusually fast.
You are covered in fur. (AC +1)
You have tough skin. (AC +1)


Message History

The orc warlord is poisoned.
You throw a poisoned dart. The poisoned dart hits the hobgoblin.
The hobgoblin is poisoned.
You throw a poisoned dart.
The poisoned dart closely misses the hobgoblin.
You throw a poisoned dart. The poisoned dart hits the hobgoblin.
The hobgoblin looks even sicker.
An orc warrior comes into view. It is wielding a +0 hand axe.
You block the hobgoblin's attack.
You throw a poisoned dart. The poisoned dart hits the hobgoblin.
The hobgoblin barely misses you.
You throw a poisoned dart. The poisoned dart hits the hobgoblin.
The hobgoblin looks even sicker.
The hobgoblin is heavily wounded.
The hobgoblin hits you with a +0 hand axe.
You throw a poisoned dart. The poisoned dart hits the hobgoblin.
The hobgoblin looks as sick as possible!
The hobgoblin is heavily wounded.
You hit the orc warlord.
The orc warlord looks even sicker.
The orc warlord is lightly wounded.
You hit the orc warlord.
The orc warlord looks as sick as possible!
The orc warlord is lightly wounded.
You kill the hobgoblin!
Okawaru accepts your kill.
You fail to use your ability.
You block the orc warlord's attack.
You gain the combat prowess of a mighty hero.
The orc warrior hits you with a +0 hand axe!!
The orc warlord completely misses you.
You feel very mighty all of a sudden. You block the orc warrior's attack.
The orc warlord hits you with a +4 broad axe!!
Unknown command.
You closely miss the orc warlord.
The orc warlord is moderately wounded.
You hit the orc warrior.
The orc warrior is poisoned.
The orc warrior hits you with a +0 hand axe!
* * * LOW HITPOINT WARNING * * *
The orc warlord hits you with a +4 broad axe!!
You die...

........#...........#
........#...........#
.......###.........###
.....###
###.....#'#.### ##.###
..###.###.....### .###
..g.###..)()....## ..#
....##8...)......# ..#
....(#8o.........# ..#
(....)o@...⌠....∩# ..#
.....#8..........# ..#
....##8.)))......#
.###
(...###.........##
##.###
.###.###.....###
.....###
###.....#'#.###
.......###.......).###
........#.......)...#
........#.....)))...#


You could see an orc warlord (extremely poisoned) and an orc warrior (strong,
very poisoned).

Vanquished Creatures
  A two-headed ogre (D:8)
  An orc knight (Bailey)
  A gargoyle (D:9)
  Maggie (D:7)
  A kobold demonologist (D:9)
  A shadow (D:9)
  Sigmund (D:4)
  A wraith (D:9)
  5 yaks (D:8)
  A redback simulacrum (D:7)
  A steam dragon (D:9)
  2 water moccasins
  5 ice beasts
  A sky beast (D:6)
  12 orc warriors
  2 black bears
  2 centaurs
  An ogre (D:5)
  2 phantoms
  3 kobold brigands
  2 elf zombies (D:5)
  3 bullfrogs
  3 gnoll sergeants
  A necrophage (D:8)
  2 elf skeletons (D:5)
  10 scorpions
  4 killer bees (D:8)
  2 hounds
  2 orc priests
  5 human zombies (Ossuary)
  3 jellies
  A gnoll bouda (D:8)
  An iguana (D:7)
  4 human skeletons (D:5)
  Natasha (thrice) (D:2)
  A scorpion zombie (Ossuary)
  8 orc wizards
  3 mummies (Ossuary)
  8 adders
  18 gnolls
  2 white imps
  An ufetubus (D:5)
  3 worms
  34 orcs
  2 bats (D:1)
  3 endoplasms
  4 giant cockroaches (D:1)
  17 hobgoblins
  3 jackals (D:4)
  13 kobolds
  4 quokkas
  3 ball pythons
  2 gnoll zombies (Ossuary)
  17 goblins
  2 goblin zombies (Ossuary)
  5 hobgoblin zombies (Ossuary)
  3 kobold zombies (Ossuary)
  2 orc skeletons (D:5)
  4 orc zombies
  6 rats
259 creatures vanquished.

Vanquished Creatures (collateral kills)
  A hound (D:4)
  A worm (D:3)
2 creatures vanquished.

Vanquished Creatures (others)
  2 fungi (D:2)
  8 plants
10 creatures vanquished.

Grand Total: 271 creatures vanquished

Notes
Turn   | Place    | Note
-------+----------+-------------------------------------------
     0 | D:1      | xian the Troll Wanderer began the quest for the Orb.
     0 | D:1      | xian set off with the following items: a +0 club, a +0 hat,
                  | a potion of invisibility, a +0 robe, a lightning rod (4/4);
                  | and the following spell memorised: Summon Small Mammal; and
                  | the following spells available to memorise: Summon Guardian
                  | Golem.
     0 | D:1      | Reached XP level 1. HP: 16/16 MP: 1/1
   245 | D:1      | Reached XP level 2. HP: 24/24 MP: 0/3
   830 | D:2      | Reached XP level 3. HP: 32/32 MP: 4/4
  1089 | D:2      | Reached skill level 1 in Axes
  1172 | D:2      | Noticed Natasha
  1187 | D:2      | Killed Natasha
  1194 | D:2      | Found a snail-covered altar of Cheibriados.
  1389 | D:2      | Reached XP level 4. HP: 40/40 MP: 3/5
  1395 | D:2      | Noticed Natasha
  1405 | D:2      | Killed Natasha
  1406 | D:2      | Reached skill level 2 in Axes
  1434 | D:2      | Found a faded altar of an unknown god.
  1569 | D:2      | Identified the ring of Ru's Favour {rPois rF+ rC+ Str+5}
  1681 | D:2      | Noticed Natasha
  1693 | D:2      | Killed Natasha
  1824 | D:3      | Reached XP level 5. HP: 32/46 MP: 6/6
  1905 | D:3      | Reached skill level 1 in Fighting
  1905 | D:3      | Reached skill level 3 in Axes
  2302 | D:3      | Got the Verses on the Inferno and the Snake
  2365 | D:3      | Found a snail-covered altar of Cheibriados.
  2466 | D:4      | Reached XP level 6. HP: 55/55 MP: 2/7
  2583 | D:4      | Noticed Sigmund
  2592 | D:4      | Killed Sigmund
  2593 | D:4      | Reached skill level 4 in Axes
  2634 | D:4      | Reached XP level 7. HP: 55/62 MP: 8/8
  2740 | D:4      | Learned a level 3 spell: Summon Guardian Golem
  2997 | D:5      | Entered Level 5 of the Dungeon
  3138 | D:5      | Reached skill level 5 in Axes
  3161 | D:5      | Found a sand-covered staircase.
  3171 | Ossuary  | Entered an ossuary
  3258 | Ossuary  | Reached skill level 6 in Axes
  3258 | Ossuary  | Reached XP level 8. HP: 65/72 MP: 9/9
  3379 | Ossuary  | Reached skill level 7 in Axes
  3385 | Ossuary  | Reached skill level 1 in Shields
  3589 | D:5      | Found an iron altar of Okawaru.
  3589 | D:5      | Found a shimmering blue altar of Sif Muna.
  3593 | D:5      | Became a worshipper of Warmaster Okawaru
  3836 | D:5      | Found a hide-covered altar of Uskayaw.
  4001 | D:5      | Reached skill level 8 in Axes
  4176 | D:6      | Reached XP level 9. HP: 80/80 MP: 10/10
  4269 | D:6      | Reached * piety under Okawaru
  4497 | D:6      | Found a staircase to the Ecumenical Temple.
  5129 | D:7      | Found a transporter.
  5276 | D:7      | Reached skill level 9 in Axes
  5346 | D:7      | Noticed Maggie
  5353 | D:7      | Killed Maggie
  5354 | D:7      | Found a transporter.
  5591 | D:7      | Reached ** piety under Okawaru
  6022 | D:7      | Identified the +1 robe of the Butterfly {Str-2 Dex+5}
  6188 | D:8      | Reached XP level 10. HP: 81/91 MP: 11/11
  6228 | D:8      | Noticed a two-headed ogre
  6240 | D:8      | Killed a two-headed ogre
  6240 | D:8      | Reached *** piety under Okawaru
  6241 | D:8      | Reached skill level 10 in Axes
  6485 | D:8      | Reached skill level 1 in Armour
  6516 | D:8      | Reached **** piety under Okawaru
  7437 | D:9      | Reached skill level 11 in Axes
  7601 | D:9      | Found a staircase to the Orcish Mines.
  7616 | D:9      | Found Cekhlog's Self-Improvement Boutique.
  7616 | D:9      | Noticed a gargoyle
  7631 | D:9      | Killed a gargoyle
  7725 | D:9      | Found a flagged portal.
  7737 | Bailey   | Entered a bailey
  8069 | Bailey   | Reached XP level 11. HP: 33/98 MP: 12/12
  8101 | Bailey   | Noticed an orc knight
  8115 | Bailey   | Killed an orc knight
  8361 | Bailey   | Identified the ring of Dar Diy {rF++ rC+ Int-2 Stlth+}
  8361 | Bailey   | Noticed an orc warlord
  8377 | Bailey   | Mangled by an orc warlord

Illustrated notes

Levels and vault maps discovered:
D:1:      minmay_arrival_pointy, layout_loops_ring,
          minmay_misc_feat_four_crosses, grunt_decor_cap,
          minmay_misc_feat_diagonals
D:2:      layout_basic, basic_altar, shapermc_ecumenical_altar_mp_ritualfount,
          uniq_natasha
D:3:      layout_rooms, slow_altar_2, serial_bayou_pond_e
D:4:      layout_cave_pools, uniq_sigmund
D:5:      layout_basic, mainiacjoe_overflow_cross_hatched,
          gammafunk_temple_overflow_elements, nicolae_ossuary_entry_catacombs
D:6:      layout_layer_cave, lemuel_temple_firewalk_a,
          minmay_misc_feat_enclosed, hangedman_decor_opposing, dk_noncrumbling_3
D:7:      gammafunk_cloud_chamber, layout_basic, nrook_mini_backslash,
          uniq_maggie
D:8:      nicolae_cairo_tiling_very_big, layout_cave_pods, minmay_puff
D:9:      wad_statue_garden, layout_long_grid, enter_bailey_5,
          nicolae_shop_self_help
Bailey:   bailey_axe_minmay_hex_keep, bailey

Skill      XL: |  1  2  3  4  5  6  7  8  9 10 11 |
---------------+----------------------------------+-----
Axes           | 1 2 3 4 6 8 9 11 | 11.5
Fighting       | 1 2 3 4 |  4.0
Dodging        | 2 3 4 |  4.1
Shields        | 1 3 4 |  4.2
Armour         | 2 |  2.3
Throwing       | 2 |  2.6
Stealth        | |  1.8
Unarmed Combat | |  0.5
Spellcasting   | |  1.9
Summonings     | |  1.8
Invocations    | |  1.0
Evocations     | |  1.7

Action                   |  1- 3 |  4- 6 |  7- 9 | 10-12 || total
-------------------------+-------+-------+-------+-------++-------
Melee: Unarmed           |    15 |       |       |       ||    15
       War axe           |    50 |   100 |   293 |   188 ||   631
       Punch             |     2 |     2 |     1 |       ||     5
Throw: Dart              |       |       |     9 |    61 ||    70
 Cast: Summon Small Mamm |     7 |    18 |       |       ||    25
Invok: Heroism           |       |       |       |     3 ||     3
       Finesse           |       |       |       |     1 ||     1
  Use: Scroll            |     5 |     1 |    14 |     2 ||    22
       Potion            |       |       |     2 |     2 ||     4
 Stab: Sleeping          |     1 |       |     4 |       ||     5
Armor: Robe              |    23 |    34 |    68 |       ||   125
       Acid dragon scale |       |       |    15 |    73 ||    88
Dodge: Dodged            |    44 |    38 |   101 |    51 ||   234
Block: Other             |       |    14 |    40 |       ||    54
       Kite shield       |       |       |    63 |   123 ||   186
       Reflection        |       |       |     1 |     6 ||     7
